 Dungeon Crawl Stone Soup version 0.31.0-11-ge490571c62 (webtiles) character file.

Game seed: 4187954792586802984

3873 browni3141 the Cleaver (level 10, -2/87 (88) HPs)
             Began as a Minotaur Fighter on Jan 29, 2024.
             Was a Believer of Okawaru.
             Slain by a wight
             ... wielding a +3 falchion
              (11 damage)
             ... on level 7 of the Dungeon.
             The game lasted 00:03:36 (6146 turns).

browni3141 the Cleaver (Minotaur Fighter)           Turns: 6146, Time: 00:03:37

HP:   -2/87 (88)    AC: 14    Str: 25    XL:     10   Next: 0%
MP:   8/11          EV: 10    Int:  5    God:    Okawaru [**....]
Gold: 49            SH:  7    Dex: 10    Spells: 9/9 levels left

rFire   . . .        a - +0 war axe
rCold   + . .        c - +0 buckler
rNeg    + . .        s - +0 chain mail
rPois   .            (helmet restricted)
rElec   .            r - +0 cloak
rCorr   .            (no gloves)
SInv    .            (no boots)
Will    .....        (no amulet) Stlth
                     q - ring of protection from cold
HPRegen 0.34/turn    t - ring of positive energy
MPRegen 0.12/turn

%: no passive effects
@: heroic, lightly drained
A: horns 2, retaliatory headbutt
a: Renounce Religion, Heroism


You were on level 7 of the Dungeon.
You worshipped Okawaru.
Okawaru was pleased with you.
You visited 2 branches of the dungeon, and saw 8 of its levels.

You collected 365 gold pieces.
You spent 316 gold pieces at shops.

Inventory:

Hand Weapons
 a - a +0 war axe (weapon)
Missiles
 v - 2 boomerangs (quivered)
 E - 6 javelins
Armour
 b - a +0 scale mail
 c - a +0 buckler (worn)
 r - a +0 cloak (worn)
 s - a +0 chain mail (worn)
Jewellery
 q - a ring of protection from cold (left hand)
 t - a ring of positive energy (right hand)
Wands
 n - a wand of roots (3)
 y - a wand of flame (9)
 A - a wand of mindburst (13)
 F - a wand of polymorph (5)
Scrolls
 d - a scroll of noise
 e - a scroll of amnesia {unknown}
 g - 3 scrolls of revelation
 j - a scroll of vulnerability
 m - 2 scrolls of immolation
 p - a scroll of enchant weapon
 C - a scroll of brand weapon
 D - a scroll of silence
 H - a scroll of summoning {unknown}
 I - a scroll of teleportation {unknown}
Potions
 f - a potion of heal wounds
 h - a potion of curing
 i - a potion of resistance {unknown}
 k - a potion of enlightenment {unknown}
 l - a potion of berserk rage {unknown}
 o - a potion of cancellation {unknown}
 u - 3 potions of might
 w - a potion of haste {unknown}
 x - 2 potions of mutation {unknown}
 z - a potion of degeneration {unknown}
 B - 2 potions of lignification {unknown}
 G - a potion of attraction {unknown}


   Skills:
 + Level 8.1(13.1) Fighting
 * Level 10.4(15.4) Axes
 + Level 3.3(8.3) Throwing
 + Level 8.0(13.0) Armour
 + Level 8.0(13.0) Shields
 + Level 3.2 Invocations
 + Level 1.1 Evocations


You had 9 spell levels left.
You didn't know any spells.
Your spell library contained the following spells:

 Spells                   Type           Power      Damage    Failure   Level
 Dazzling Flash           Conj/Hex       0%         N/A       100%        3
 Mephitic Cloud           Conj/Alch/Air  0%         N/A       100%        3
 Cause Fear               Hex            0%         N/A       100%        4
 Curse of Agony           Necr           0%         N/A       100%        5
 Fireball                 Conj/Fire      0%         3d3       100%        5
 Silence                  Hex/Air        0%         N/A       100%        5
 Borgnjor's Revivificati  Necr           0%         N/A       100%        8
 Death's Door             Necr           0%         N/A       100%        9
 Haunt                    Necr/Summ      Unusable   N/A       N/A         7
 Dragon's Call            Summ           Unusable   N/A       N/A         9

Dungeon Overview and Level Annotations

Branches:
Dungeon (7/15)             Temple (1/1) D:4

Altars:
Cheibriados
Dithmenos
Fedhas
Gozag
Kikubaaqudgha
Makhleb
Nemelex Xobeh
Okawaru
Qazlal
Ru
Sif Muna
Trog
Uskayaw
Vehumet
Wu Jian
Xom
Yredelemnul
The Shining One

Shops:
D:7 *


Innate Abilities, Weirdness & Mutations

You have a pair of horns on your head.
You reflexively headbutt those who attack you in melee.


Message History

The killer bee stings you. The steam dragon breathes steam at you.
The ball of steam hits you!
The sky beast flickers out of sight!
Deactivating autopickup; reactivate with Ctrl-A.
You feel much better.
You are engulfed in a cloud of scalding steam.
The killer bee stings you but does no damage.
You block the killer bee's attack. The steam dragon barely misses you.
You block the steam dragon's attack.
The killer bee stings you but does no damage.
Aiming: Fastroot
Press: ? - help, Shift-Dir - straight line, f - killer bee
Aim: a killer bee (severely wounded)
The roots erupt in riotous growth!
Roots grab the killer bee. x2; Roots grab the steam dragon.
The grasping roots constrict the killer bee.
You kill the killer bee!
Okawaru accepts your kill.
The grasping roots constrict the killer bee.
The grasping roots constrict the steam dragon.
The killer bee struggles to escape constriction. x2
The steam dragon escapes!
You hit the steam dragon. You headbutt the steam dragon.
The steam dragon is moderately wounded.
The grasping roots constrict the killer bee!
Okay, then.
You closely miss the steam dragon.
The steam dragon is moderately wounded.
The grasping roots constrict the killer bee.
The roots release their grip on the killer bee.
You block the steam dragon's attack.
The steam dragon claws you but does no damage.
The wight hits you but does no damage.
You slash the steam dragon! Your headbutt misses the steam dragon.
The steam dragon is heavily wounded.
You feel like a meek peon again.
A sky beast appears from thin air!
Reactivating autopickup.
You block the wight's attack.
The steam dragon bites you but does no damage.
The steam dragon closely misses you.
Aiming: Mindburst
Press: ? - help, Shift-Dir - straight line, f - steam dragon
Aim: a steam dragon (heavily wounded, chance to affect: 67%)
The steam dragon's mind is blasted!
You blow up the steam dragon!
Okawaru accepts your kill. You block the killer bee's attack.
You block the wight's attack.
Your Fighting skill increases to level 8!
Your Armour skill increases to level 8!
You gain the combat prowess of a mighty hero.
The killer bee stings you but does no damage. x2
The wight barely misses you. x2; You furiously retaliate!
You headbutt the wight!
A wight comes into view. It is wielding a +3 falchion.
Something completely misses you.
Aiming: Fastroot
Press: ? - help, Shift-Dir - straight line, f - you The roots erupt in riotous growth!
Roots grab the wight.
Roots grab something.
Roots grab the killer bee.
The grasping roots constrict something.
The grasping roots constrict the killer bee.
You kill the killer bee!
Okawaru accepts your kill.
The grasping roots constrict the wight.
You block the wight's attack.
The wight struggles to escape constriction.
Something hits you but does no damage.
Deactivating autopickup; reactivate with Ctrl-A.
You slash the wight!
You destroy the wight!
Okawaru accepts your kill.
You hit the sky beast but do no damage. You hit something.
The grasping roots constrict something.
The sky beast closely misses you.
The wight hits you from afar with a +4 spear.
You partially resist.
You feel drained.
A sky beast appears from thin air!
Reactivating autopickup.
You block the sky beast's attack.
Your life force feels restored.
Your Evocations skill increases to level 1!
You slash the sky beast!
You kill the sky beast!
Okawaru accepts your kill.
You slash the sky beast! You barely miss the wight.
Your base Shields skill increases to level 8!
You closely miss the sky beast. Your headbutt misses the sky beast.
The sky beast is almost dead.
You slash the wight!
The sky beast hits you but does no damage.
The wight hits you with a +3 falchion. You partially resist.
You feel drained. You block the wight's attack.
You slice the sky beast!!
You kill the sky beast!
Okawaru accepts your kill.
You closely miss the wight. The wight hits you with a +3 falchion.
The wight closely misses you.
You have reached level 10!
You closely miss the wight. Your headbutt misses the wight.
The wight is severely damaged.
The wight hits you with a +3 falchion!
You die...

.. .... # #z#
#...#.. #.#. #.
....~~~ #.#.#####z
#...§≈≈≈ #.........
..#§§§..
#.........#...~≈.$.
#......z##z)..~≈.#
#.......@†.#..~≈#$#
#......†###†~.~≈.§#
#............#§§§..
#....
#.......####..§§~≈.
8... ######.## ..§#
≈ #8# #...# #..$.
##### #...# ....#
#...# #...# ##....
#.#.######...##.##
....


You could see 2 wights.

Vanquished Creatures
  Pikel (D:4)
  Grinder (D:4)
  2 steam dragons (D:7)
  A water moccasin (D:5)
  An ice beast (D:5)
  3 black bears (D:6)
  2 orc warriors
  2 sky beasts (D:7)
  3 ogres
  2 centaurs
  A phantom (D:6)
  2 lemures (D:4)
  A bullfrog (D:7)
  10 wights
  3 killer bees (D:7)
  2 bombardier beetles
  2 gnoll boudas
  3 hounds
  4 jellies
  Crazy Yiuf (D:5)
  4 orc priests
  3 iguanas
  4 orc wizards
  7 adders
  9 gnolls (D:5)
  A white imp (D:6)
  4 ufetubi (D:6)
  5 dart slugs
  A ribbon worm (D:3)
  19 orcs
  3 bats (D:2)
  13 endoplasms
  7 giant cockroaches
  6 hobgoblins
  6 jackals
  7 quokkas
  11 ball pythons
  A frilled lizard (D:1)
  6 goblins
  3 kobolds
  4 rats
171 creatures vanquished.

Vanquished Creatures (others)
  A killer bee (D:7)
1 creature vanquished.

Grand Total: 172 creatures vanquished

Notes
Turn   | Place    | Note
-------+----------+-------------------------------------------
     0 | D:1      | browni3141 the Minotaur Fighter began the quest for the
                  | Orb.
     0 | D:1      | Reached XP level 1. HP: 19/19 MP: 0/0
    21 | D:1      | Found a faded altar of an unknown god.
   183 | D:1      | Reached XP level 2. HP: 27/27 MP: 1/1
   200 | D:1      | Reached skill level 3 in Axes
   377 | D:1      | Reached XP level 3. HP: 29/33 MP: 2/2
   968 | D:2      | Reached XP level 4. HP: 39/40 MP: 3/3
  1545 | D:3      | Found a hide-covered altar of Uskayaw.
  1552 | D:3      | Reached skill level 4 in Axes
  1661 | D:3      | Found an iron altar of Okawaru.
  1702 | D:3      | Reached XP level 5. HP: 47/47 MP: 4/4
  2325 | D:4      | Noticed Grinder
  2327 | D:4      | Found a staircase to the Ecumenical Temple.
  2335 | D:4      | Paralysed by Grinder for 3 turns
  2339 | D:4      | Reached skill level 5 in Axes
  2339 | D:4      | Killed Grinder
  2340 | D:4      | Reached skill level 5 in Fighting
  2340 | D:4      | Reached skill level 5 in Armour
  2340 | D:4      | Reached skill level 5 in Shields
  2340 | D:4      | Reached XP level 6. HP: 16/56 MP: 5/5
  2346 | Temple   | Entered the Ecumenical Temple
  2534 | D:3      | Became a worshipper of Warmaster Okawaru
  2598 | D:4      | Reached skill level 6 in Axes
  2600 | D:4      | Reached XP level 7. HP: 53/61 MP: 6/6
  2687 | D:4      | Noticed Pikel
  2698 | D:4      | Killed Pikel
  2698 | D:4      | Reached * piety under Okawaru
  2699 | D:4      | Reached skill level 7 in Axes
  2699 | D:4      | Reached XP level 8. HP: 13/70 MP: 7/7
  3203 | D:5      | Entered Level 5 of the Dungeon
  3289 | D:5      | Reached skill level 8 in Axes
  3799 | D:5      | Reached skill level 1 in Throwing
  3799 | D:5      | Reached skill level 1 in Invocations
  4437 | D:5      | Found a runed translucent door.
  4438 | D:5      | Noticed Crazy Yiuf
  4613 | D:5      | Killed Crazy Yiuf
  4807 | D:6      | Reached skill level 9 in Axes
  4809 | D:6      | Reached XP level 9. HP: 23/79 MP: 7/9
  4981 | D:6      | Reached ** piety under Okawaru
  5068 | D:6      | Found a stormy altar of Qazlal.
  5173 | D:6      | Found a glowing golden altar of the Shining One.
  6067 | D:7      | Found Pohuirax's Assorted Antiques.
  6078 | D:7      | Bought a scroll of immolation for 80 gold pieces
  6078 | D:7      | Bought a crooked lead wand for 80 gold pieces
  6078 | D:7      | Bought an amethyst potion for 18 gold pieces
  6078 | D:7      | Bought a potion of might for 80 gold pieces
  6078 | D:7      | Bought a scroll labelled SIGASU JASANE for 20 gold pieces
  6078 | D:7      | Bought a scroll labelled TEVVIPNOERE for 20 gold pieces
  6078 | D:7      | Bought a silvery potion for 18 gold pieces
  6087 | D:7      | Reached skill level 10 in Axes
  6132 | D:7      | HP: 3/81 [steam dragon/ball of steam (12)]
  6143 | D:7      | Reached skill level 1 in Evocations
  6146 | D:7      | Reached XP level 10. HP: 9/87 MP: 8/11
  6146 | D:7      | Slain by a wight

Illustrated notes

Levels and vault maps discovered:
D:1:      mrwooster_arrival_statue_2, layout_loops_ring, basic_ecumenical_altar
D:2:      layout_basic, minivault_27
D:3:      layout_loops_ring, mainiacjoe_overflow_catch_the_wave,
          minmay_curled_crystal, minmay_ruptured
D:4:      layout_rooms, minmay_temple_entry_grid, uniq_grinder, uniq_pikel
D:5:      layout_basic, serial_rivers, chequers_serial_rivers_micro_c,
          chequers_serial_rivers_micro_b, chequers_serial_rivers_small_3,
          chequers_serial_rivers_small_a, chequers_serial_rivers_micro_b,
          st_stairs_6, uniq_crazy_yiuf_cottage
D:6:      layout_loops_cross, jmf_multi_god_temple, minivault_5,
          ebering_dispersal_statue_hall
D:7:      layout_loops_cross, nicolae_overflow_hidden_temple, serial_shops,
          shop, hangedman_misty_isle
Temple:   nicolae_temple_ecumenical_triangle

Skill      XL: |  1  2  3  4  5  6  7  8  9 |
---------------+----------------------------+-----
Axes           | 3 4 5 6 7 9 10 | 10.4
Fighting       | 4 5 6 7 8 |  8.1
Armour         | 4 5 6 7 8 |  8.0
Shields        | 4 5 6 7 8 |  8.0
Throwing       | 1 3 |  3.3
Invocations    | 1 3 |  3.2
Evocations     | 1 |  1.1

Action                     |  1- 3 |  4- 6 |  7- 9 | 10-12 || total
---------------------------+-------+-------+-------+-------++-------
  Melee: War axe           |    69 |    77 |   194 |     1 ||   341
         Headbutt          |     5 |    17 |    34 |       ||    56
 Invoke: Heroism           |       |       |     7 |       ||     7
  Evoke: Wand              |       |       |     6 |       ||     6
    Use: Potion            |       |     1 |     5 |       ||     6
         Scroll            |       |       |     7 |       ||     7
   Stab: Invisible         |       |       |     7 |       ||     7
 Armour: Scale mail        |    37 |    56 |    14 |       ||   107
         Chain mail        |       |       |   251 |     1 ||   252
  Dodge: Dodged            |    40 |    47 |   130 |       ||   217
  Block: Buckler           |    21 |    13 |    82 |       ||   116
